 Dungeon Crawl Stone Soup version 0.20.1-1-g8b1a95d (webtiles) character file.

753 grizmgrazm2 the Covert (level 7, -4/43 HPs)
             Began as a Vampire Enchanter on Sept 25, 2017.
             Was a Believer of Hepliaklqana.
             Slain by a gnoll
             ... wielding a +0 flail
              (7 damage)
             ... on level 4 of the Dungeon.
             The game lasted 00:18:42 (5969 turns).

grizmgrazm2 the Covert (Vampire Enchanter)          Turns: 5969, Time: 00:18:42

Health: -4/43      AC:  0    Str:  7    XL:     7   Next: 49%
Magic:  9/13       EV: 21    Int: 19    God:    Hepliaklqana [**....]
Gold:   203        SH:  0    Dex: 20    Spells: 6/14 levels left

rFire    . . .     SeeInvis +   (weapon currently unavailable)
rCold    + + .     Gourm    .   (shield currently unavailable)
rNeg     + + +     Faith    .   (armour currently unavailable)
rPois    ∞         Spirit   .   (helmet currently unavailable)
rElec    .         Reflect  .   (cloak currently unavailable)
rCorr    .         Harm     .   (gloves currently unavailable)
MR       .....                  (boots currently unavailable)
Stlth    ++++++....             (no amulet)
Regen    0.0/turn               (ring currently unavailable)
MPRegen  0.2/turn               (ring currently unavailable)

@: bat-form, flying, bloodless, non-regenerating, very quick
A: reduced essence, fangs 3, see invisible
a: End Transformation, Recall Ancestor, Ancestor Identity, Renounce Religion


You were on level 4 of the Dungeon.
You worshipped Hepliaklqana.
Hepliaklqana was pleased with you.
You were bloodless.
You were in vampire-bat-form.
You visited 1 branch of the dungeon, and saw 8 of its levels.

You collected 203 gold pieces.

Inventory:

Hand Weapons
 a - a +2 dagger (melded)
Armour
 b - a +0 robe (melded)
 g - a +0 cloak (melded)
 j - a +0 pair of boots (melded)
Jewellery
 r - a +3 ring of evasion (melded)
Wands
 m - a wand of flame (37/48)
 n - a wand of confusion (34/48)
 t - a wand of lightning (6/15)
Scrolls
 l - a scroll of teleportation
 s - a scroll of recharging
Potions
 d - 4 potions of blood
 e - 2 potions of resistance
 i - 2 potions of flight
 k - a potion of heal wounds {unknown}
Books
 c - a book of Maledictions

   Spells                             Type                      Level
   a - Corona                         Hexes                        1
   b - Ensorcelled Hibernation        Hexes/Ice                    2
   c - Confuse                        Hexes                        3
   d - Tukima's Dance                 Hexes                        3
   e - Dazzling Spray                 Conjuration/Hexes            3


   Skills:
 + Level 1.3 Fighting
 + Level 2.1 Short Blades
 + Level 2.9 Dodging
 + Level 8.6 Stealth
 * Level 4.2 Spellcasting
 * Level 7.5 Hexes
 + Level 1.0 Ice Magic


You had 6 spell levels left.
You knew the following spells:

 Your Spells              Type           Power        Failure   Level  Hunger
a - Ensorcelled Hibernat  Hex/Ice        ###...       3%          2    #......
b - Confuse               Hex            ####....     1%          3    ###....
c - Tukima's Dance        Hex            ####....     1%          3    ###....


Dungeon Overview and Level Annotations

Branches:
Dungeon (8/15)
 Temple: D:4-7         Lair: D:8-11

Altars:
Cheibriados
Elyvilon
Fedhas
Gozag
Hepliaklqana
Makhleb
Nemelex Xobeh
Okawaru
Sif Muna
Trog
Uskayaw
Xom
Yredelemnul
Zin

Shops:
D:5 =

Annotations:
D:7 Joseph


Innate Abilities, Weirdness & Mutations

You do not heal naturally.
You are immune to poison.
You have razor-sharp teeth.
You have supernaturally acute eyesight. (SInv)
((You can survive without breathing.))
Your life essence is reduced to manifest your ancestor. (-10% HP)


Message History

The gnoll misses you.
The gnoll hits you from afar with a spear of venom.
* * * LOW HITPOINT WARNING * * *
You feel better.
Nefertari closely misses the gnoll.
The gnoll closely misses you. The gnoll hits you with a whip!
* * * LOW HITPOINT WARNING * * *
The gnoll closely misses you. x2
You feel better. The gnoll misses you. The gnoll hits you but does no damage.
The gnoll misses you. The gnoll completely misses you.
The gnoll hits you from afar with a spear of venom.
* * * LOW HITPOINT WARNING * * *
You turn into a vampire bat.
Your +2 dagger melds into your body.
Your +0 cloak melds into your body.
Your +0 pair of boots melds into your body.
Your +0 robe melds into your body.
Your +3 ring of evasion melds into your body.
Nefertari barely misses the gnoll.
The gnoll barely misses you. The gnoll closely misses you.
The gnoll completely misses you. The gnoll hits you with a flail!
You die...

......# ......# #....
..# ......+ #...# ..#
.o....#+## #...##..#
..#o###..##. #.......#
..#.g.....'.. .......#
..#....(.##..##......#
..#####..##..##......#
### ##..##....gb..g.#
#..............ggg...#
#.............g.R....#
#....................#
#....................#
#........##..##..#####
#.##.##..##'###..# #.
#.##..##..##(.#
+..........####


You could see the friendly Nefertari the knight, a gnoll shaman (confused) and 5
gnolls.

Vanquished Creatures
  Edmund (D:5)
  A bullfrog (D:6)
  2 crimson imps (D:5)
  Crazy Yiuf (D:5)
  A hound (D:8)
  A worker ant (D:4)
  7 adders
  3 adder skeletons (D:5)
  5 worms
  4 dart slugs
  5 leopard geckos
  4 orcs
  7 giant cockroaches
  5 goblins
  5 hobgoblins
  5 jackals (D:2)
  6 kobolds
  2 quokkas (D:2)
  A ball python (D:1)
  8 bats
  4 frilled lizards (D:2)
  5 rats
83 creatures vanquished.

Vanquished Creatures (collateral kills)
  Prince Ribbit (D:5)
  A centaur (D:5)
  A leopard gecko (D:5)
3 creatures vanquished.

Vanquished Creatures (others)
  An orc (D:5)
  A giant cockroach (D:3)
2 creatures vanquished.

Grand Total: 88 creatures vanquished

Notes
Turn   | Place    | Note
-------+----------+-------------------------------------------
     0 | D:1      | grizmgrazm2 the Vampire Enchanter began the quest for the Orb.
     0 | D:1      | Reached XP level 1. HP: 13/13 MP: 3/3
   782 | D:2      | Reached XP level 2. HP: 10/20 MP: 3/5
   786 | D:2      | Learned a level 2 spell: Ensorcelled Hibernation
  1027 | D:2      | Found a sparkling altar of Nemelex Xobeh.
  1028 | D:2      | Found a burning altar of Makhleb.
  1028 | D:2      | Found an iron altar of Okawaru.
  1029 | D:2      | Found a hide-covered altar of Uskayaw.
  1166 | D:3      | Reached skill level 5 in Stealth
  1237 | D:3      | Reached XP level 3. HP: 25/25 MP: 6/6
  1242 | D:3      | Learned a level 3 spell: Confuse
  1413 | D:3      | Found a white marble altar of Elyvilon.
  1746 | D:3      | Reached skill level 1 in Fighting
  2253 | D:1      | Reached XP level 4. HP: 32/32 MP: 7/7
  2540 | D:2      | Reached skill level 5 in Hexes
  2778 | D:2      | Learned a level 3 spell: Tukima's Dance
  2788 | D:2      | Found a hazy altar of Hepliaklqana.
  2795 | D:2      | Became a worshipper of Hepliaklqana the Forgotten
  3032 | D:2      | Found a glowing silver altar of Zin.
  3033 | D:2      | Found an opulent altar of Gozag.
  3114 | D:2      | Reached skill level 6 in Stealth
  3179 | D:2      | Found a basalt altar of Yredelemnul.
  3357 | D:3      | Reached XP level 5. HP: 33/33 MP: 0/9
  3495 | D:4      | Found a deep blue altar of Sif Muna.
  3529 | D:4      | Reached * piety under Hepliaklqana
  3753 | D:5      | Entered Level 5 of the Dungeon
  3781 | D:5      | Reached skill level 7 in Stealth
  3870 | D:6      | Noticed a black bear
  4000 | D:7      | Noticed Joseph
  4025 | D:8      | Noticed a phantom
  4374 | D:7      | Found a shimmering altar of Xom.
  4407 | D:8      | Noticed a gargoyle
  4590 | D:6      | Reached XP level 6. HP: 38/38 MP: 4/10
  4684 | D:6      | Noticed an ice beast
  5032 | D:5      | Reached ** piety under Hepliaklqana
  5034 | D:5      | Remembered your ancestor Nefertari as a knight
  5115 | D:5      | Found a snail-covered altar of Cheibriados.
  5121 | D:5      | Noticed Prince Ribbit
  5133 | D:5      | Killed Prince Ribbit
  5133 | D:5      | Reached skill level 8 in Stealth
  5133 | D:5      | Reached skill level 1 in Ice Magic
  5167 | D:5      | Noticed Edmund
  5178 | D:5      | Killed Edmund
  5178 | D:5      | Reached XP level 7. HP: 43/43 MP: 5/12
  5221 | D:5      | Found a blossoming altar of Fedhas.
  5221 | D:5      | Found a bloodstained altar of Trog.
  5259 | D:5      | Found Emucilag's Jewellery Shoppe.
  5735 | D:5      | Found a runed door.
  5739 | D:5      | Noticed Crazy Yiuf
  5743 | D:5      | Killed Crazy Yiuf
  5966 | D:4      | HP: 2/43 [gnoll/spear of venom (1)]
  5969 | D:4      | Slain by a gnoll

Skill      XL: |  1  2  3  4  5  6  7 |
---------------+----------------------+-----
Stealth        | 5 6 7 8 |  8.6
Fighting       | 1 |  1.3
Hexes          | 5 6 7 |  7.5
Spellcasting   | 3 4 |  4.2
Ice Magic      | 1 |  1.0
Short Blades   | 2 |  2.1
Dodging        | |  2.9

Action                   |  1- 3 |  4- 6 |  7- 9 || total
-------------------------+-------+-------+-------++-------
Melee: Dagger            |    79 |    87 |    11 ||   177
       Bite              |     7 |     4 |     1 ||    12
 Cast: Corona            |     8 |       |       ||     8
       Ensorcelled Hiber |    24 |    26 |     4 ||    54
       Confuse           |       |     7 |     4 ||    11
       Tukima's Dance    |       |     1 |       ||     1
Invok: Recall Ancestor   |       |     1 |       ||     1
       Ancestor Life: Kn |       |     1 |       ||     1
 Abil: Bat Form          |     2 |    10 |     1 ||    13
       End Transformatio |     2 |    10 |       ||    12
  Use: Scroll            |     7 |     2 |     6 ||    15
       Potion            |       |     3 |     5 ||     8
 Stab: Sleeping          |    25 |    37 |     3 ||    65
       Confused          |       |     2 |       ||     2
Armor: Robe              |    15 |    11 |     2 ||    28
Dodge: Dodged            |    80 |    46 |    24 ||   150
